 Dungeon Crawl Stone Soup version 0.17.0 (webtiles) character file.

2951 Horrz the Basher (level 9, -3/71 HPs)
             Began as a Minotaur Fighter on Nov 7, 2015.
             Was a Follower of Qazlal.
             Slain by Erica
             ... wielding a +4 scimitar of flaming
              (5 damage)
             ... on level 8 of the Dungeon.
             The game lasted 00:37:55 (6404 turns).

Horrz the Basher (Minotaur Fighter)                 Turns: 6404, Time: 00:37:56

Health: -3/71      AC: 14    Str: 23    XL:     9   Next: 51%
Magic:  8/8        EV: 10    Int:  5    God:    Qazlal [*.....]
Gold:   346        SH:  9    Dex: 13    Spells: 0 memorised, 8 levels left

rFire  . . .     SeeInvis .     F - +2 flail (crush)
rCold  . . .     Clarity  .     A - +6 ring mail "Zyena" {Str+2}
rNeg   . . .     SustAt   .     y - +2 buckler
rPois  .         Gourm    .     (helmet restricted)
rElec  .         Spirit   .     w - +0 cloak (curse)
rCorr  .         Warding  .     (no gloves)
rMut   .         Stasis   .     (no boots)
MR     .....                    (no amulet)
Stlth  +.........               (no ring)
                                (no ring)

@: lethally poisoned (-3 -> -16), drained, not resistant to hostile
enchantments, very unstealthy
A: retaliatory headbutt, horns 2
a: Renounce Religion


You were on level 8 of the Dungeon.
You worshipped Qazlal.
Qazlal was aware of your devotion.
You were hungry.

You visited 2 branches of the dungeon, and saw 9 of its levels.

You collected 346 gold pieces.

Inventory:

Hand Weapons
 h - a +2 whip of freezing
 F - a +2 flail of crushing (weapon)
Armour
 c - a +0 shield
 w - a cursed +0 cloak (worn)
 y - a +2 buckler (worn)
 A - the +6 ring mail "Zyena" (worn) {Str+2}
   (You found it on level 4 of the Dungeon)

   It affects your strength (+2).
 C - a +0 large shield
Jewellery
 x - an uncursed amulet of faith
 D - an uncursed amulet of the gourmand
Wands
 b - a wand of polymorph (13)
 B - a wand of confusion (22)
Scrolls
 g - 3 scrolls of immolation {unknown}
 i - 2 scrolls of noise {unknown}
 j - 5 scrolls of remove curse {unknown}
 o - 6 scrolls of identify {unknown}
 p - 2 scrolls of random uselessness {unknown}
 r - 2 scrolls of amnesia {unknown}
 u - 2 scrolls of blinking {unknown}
 v - a scroll of fear {unknown}
 G - a scroll of fog {unknown}
Potions
 d - a potion of might
 f - 5 potions of heal wounds
 k - 2 potions of curing {unknown}
 l - a potion of resistance {unknown}
 n - a potion of flight {unknown}
 q - 3 potions of agility
 s - a potion of magic {unknown}
 H - a potion of cancellation {unknown}
 I - a potion of invisibility {unknown}
Comestibles
 a - a slice of pizza
 e - 3 bread rations
 m - 4 meat rations
 t - a fruit
 z - a beef jerky
 E - a royal jelly


   Skills:
 * Level 4.1(4.0) Fighting
 * Level 12.7(12.5) Maces & Flails
 + Level 8.5(8.3) Armour
 + Level 5.9(5.8) Shields


You had 8 spell levels left.
You didn't know any spells.

Dungeon Overview and Level Annotations

Branches:
Dungeon (8/15)             Temple (1/1) D:6
   Lair: D:8-11

Altars:
Ashenzari
Cheibriados
Dithmenos
Elyvilon
Fedhas
Gozag
Kikubaaqudgha
Makhleb
Nemelex Xobeh
Okawaru
Qazlal
Ru
Sif Muna
Trog
Vehumet
Xom
Yredelemnul
Zin
The Shining One
Beogh

Annotations:
D:8 Erica, Joseph


Innate Abilities, Weirdness & Mutations

You reflexively headbutt those who attack you in melee.
You have a pair of horns on your head.


Message History

You sock something! Your headbutt misses something.
You feel sick.
You hear some strange, mumbled words.
Something tries to affect you, but you resist.
Drink which item? (? for menu, Esc to quit)
It was a potion of heal wounds.
You feel much better.
You feel sick.
You hear some strange, mumbled words.
A bolt of poison appears from out of thin air!
The bolt of poison hits you!
You are more poisoned.
* * * LOW HITPOINT WARNING * * *
You miss something. Your headbutt misses something.
* * * LOW HITPOINT WARNING * * *
You feel sick.
Drink which item? (? for menu, Esc to quit)
Okay, then.
* * * LOW HITPOINT WARNING * * *
You feel sick. Something hits you!
* * * LOW HITPOINT WARNING * * *
Something burns you.
You die...

#########
#..<....####
########...........
.......).......####
########).........#
#####..###.. ##.#
#######@#
.##.....()##
........)).#
...........#
.#..........#
#........#.##
#........#..##....
#...##...##.......
#..§#§#.....#....#


There were no monsters in sight!

Vanquished Creatures
  3 yaks (D:7)
  A hippogriff (D:7)
  The ghost of Clownie the Covert, an amateur OpAs (D:3)
  A black bear (D:6)
  2 ogres
  An orc warrior (D:8)
  3 centaurs
  A phantom (D:5)
  A big kobold (D:5)
  5 giant frogs
  2 scorpions
  A crimson imp (D:6)
  A jelly (D:7)
  2 hounds (D:5)
  A giant frog skeleton (D:4)
  9 orc priests
  An iguana (D:8)
  3 worker ants
  9 orc wizards
  A hound skeleton (D:7)
  Robin (D:2)
  5 adders
  4 gnolls (D:8)
  A worker ant zombie (D:6)
  2 shadow imps
  2 adder skeletons
  7 worms
  5 giant geckos
  23 orcs
  6 giant cockroaches
  13 goblins
  16 hobgoblins
  A quokka (D:3)
  A ball python (D:2)
  13 bats
  5 giant newts
  A jackal skeleton (D:7)
  A jackal zombie (D:5)
  15 kobolds
  12 rats
183 creatures vanquished.

Notes
Turn   | Place    | Note
--------------------------------------------------------------
     0 | D:1      | Horrz the Minotaur Fighter began the quest for the Orb.
     0 | D:1      | Reached XP level 1. HP: 19/19 MP: 0/0
   195 | D:1      | Reached XP level 2. HP: 24/26 MP: 1/1
   513 | D:1      | Reached skill level 4 in Shields
   609 | D:1      | Reached XP level 3. HP: 31/31 MP: 2/2
  1368 | D:2      | Reached XP level 4. HP: 27/39 MP: 3/3
  1454 | D:2      | Noticed Robin
  1463 | D:2      | Killed Robin
  1643 | D:2      | Reached skill level 5 in Maces & Flails
  1800 | D:3      | Noticed Clownie's ghost (amateur OpAs)
  1827 | D:3      | Killed Clownie's ghost
  1827 | D:3      | Reached skill level 6 in Maces & Flails
  1827 | D:3      | Reached skill level 5 in Shields
  1827 | D:3      | Reached XP level 5. HP: 38/45 MP: 4/4
  2051 | D:3      | Reached XP level 6. HP: 36/51 MP: 5/5
  2386 | D:3      | Noticed a giant frog
  2394 | D:3      | Killed a giant frog
  2394 | D:3      | Reached skill level 7 in Maces & Flails
  2701 | D:4      | Found a roughly hewn altar of Beogh.
  2821 | D:4      | Got a blackened ring mail
  2832 | D:4      | Identified the +6 ring mail "Zyena" {Str+2} (You found it on level 4 of the Dungeon)
  2874 | D:4      | Reached XP level 7. HP: 42/57 MP: 6/6
  2881 | D:4      | Reached skill level 8 in Maces & Flails
  3423 | D:5      | Entered Level 5 of the Dungeon
  3543 | D:5      | Reached skill level 9 in Maces & Flails
  3546 | D:5      | Reached skill level 5 in Armour
  3739 | D:5      | Reached XP level 8. HP: 64/64 MP: 7/7
  3870 | D:5      | Reached skill level 10 in Maces & Flails
  3936 | D:5      | Found a stormy altar of Qazlal.
  3947 | D:5      | Became a worshipper of Qazlal Stormbringer
  4010 | D:5      | Found a shimmering altar of Xom.
  4110 | D:6      | Found a white marble altar of Elyvilon.
  4127 | D:6      | Found a burning altar of Makhleb.
  4640 | D:6      | Found a shattered altar of Ashenzari.
  4675 | D:6      | Found a staircase to the Ecumenical Temple.
  4686 | D:6      | Reached skill level 11 in Maces & Flails
  4696 | Temple   | Entered the Ecumenical Temple
  5621 | D:7      | Reached XP level 9. HP: 70/70 MP: 8/8
  5814 | D:7      | Reached skill level 12 in Maces & Flails
  5886 | D:7      | Reached * piety under Qazlal
  6090 | D:8      | Noticed Erica
  6099 | D:8      | Noticed Joseph
  6404 | D:8      | HP: 2/71 [something (10)]
  6404 | D:8      | Slain by Erica

Action                   |  1- 3 |  4- 6 |  7- 9 || total
-------------------------+-------+-------+-------++-------
Melee: Flail             |    27 |       |   210 ||   237
       Whip              |   108 |   173 |    71 ||   352
  Use: Potion            |       |       |     1 ||     1
  Eat: Chunk             |     2 |     4 |    10 ||    16
       Fruit             |       |       |     1 ||     1
